 Dungeon Crawl Stone Soup version 0.31-a0-1626-g5cb510d322 (webtiles) character file.

Game seed: 8497879072390414870

32 swappor the Chopper (level 3, 31/31 HPs)
             Began as a Minotaur Berserker on May 10, 2022.
             Was a Believer of Trog.
             Quit the game on level 1 of the Dungeon on Jan 13, 2024.
             The game lasted 00:06:31 (969 turns).

swappor the Chopper (Minotaur Berserker)             Turns: 969, Time: 00:06:31

Health: 31/31      AC:  6    Str: 29    XL:     3   Next: 10%
Magic:  2/2        EV: 10    Int:  4    God:    Trog [**....]
Gold:   83         SH:  0    Dex:  9    Spells: 2/2 levels left

rFire   . . .        a - +0 hand axe
rCold   . . .        (no shield)
rNeg    . . .        d - +0 scale mail
rPois   .            (helmet restricted)
rElec   .            (no cloak)
rCorr   .            (no gloves)
SInv    .            (no boots)
Will    .....        (no amulet) Stlth
                     e - +6 ring of strength
HPRegen 0.25/turn    (no ring)
MPRegen 0.08/turn

%: no passive effects
@: no status effects
A: horns 2, retaliatory headbutt
a: Renounce Religion, Berserk, Trog's Hand


You were on level 1 of the Dungeon.
You worshipped Trog.
Trog was pleased with you.
You visited 1 branch of the dungeon, and saw 1 of its levels.

You collected 83 gold pieces.

Inventory:

Hand Weapons
 a - a +0 hand axe (weapon)
Missiles
 s - 83 stones (quivered)
Armour
 d - a +0 scale mail (worn)
Jewellery
 e - a +6 ring of strength (left hand)
Scrolls
 b - a scroll of enchant armour {unknown}
 f - 2 scrolls of vulnerability {unknown}
 h - a scroll of noise {unknown}
 i - a scroll of torment {unknown}
Potions
 c - a potion of haste {unknown}
 g - a potion of might {unknown}


   Skills:
 - Level 3.6 Fighting
 + Level 5.2 Axes
 - Level 2.4 Armour
 - Level 2.1 Dodging


You had 2 spell levels left.
You didn't know any spells.
Your spell library was empty.

Dungeon Overview and Level Annotations

Branches:
Dungeon (1/15)

Altars:


Innate Abilities, Weirdness & Mutations

You have a pair of horns on your head.
You reflexively headbutt those who attack you in melee.


Message History

Trog accepts your kill.
You completely miss the kobold. The kobold misses you. You furiously retaliate!
You headbutt the kobold.
You kill the kobold!
Trog accepts your kill.
HP restored.
s - 67 stones (gained 2)
Things that are here:
a +0 whip; a kobold corpse; a hobgoblin corpse
s - 83 stones (gained 16)
You now have 83 gold pieces (gained 17).
Done exploring.
Done exploring.
You aren't carrying any items that you can evoke.
Okay, then.
Search for what [? for help]? axe Throw: 83 stones
Press: ? - help, Q - select action, (/) - cycle Shift-Dir - straight line, f - you
Okay, then.
Unknown command.
Unknown command.
Search for what [Enter for "axe", or ? for help]?
Okay, then.
Search for what [Enter for "axe", or ? for help]? axe Search for what [Enter for "axe", or ? for help]? shield Can't find anything matching that.
Adjust (i)tems, (s)pells, or (a)bilities?
Okay, then.
WARNING: ABOUT TO ENTER EXPLORE MODE!
In explore mode, death is optional.
Once you set a character to explore mode, you can't switch back.
If you continue, your game will not be scored!
Do you really want to enter explore mode? (Confirm with "yes".)
Okay, then.
Unknown command.
Unknown command.
You feel stronger.
e - a +6 ring of strength (left hand) Unknown command.
Are you sure you want to abandon this character and quit the game? (Confirm with "yes".)

#...#.>.# #.##....#.## #.#
#...#...###.####..#..#####.#
#.<.#...#...# #...........#
#...#...#.### #..##...#####
#...#.>.#.# #..#....#####
#...#...#.# #.....#...).#
##+###+##.# ##.#.##..##.#
#.##..##.# ####......###.#
#........####@....##†## #.#
########....#.###.##.# #.#
####.#.# #.##.# #.#
#.#.###.##.####.##
#.#..............#
#.#####.##.#######
#######.#......#.# #.#
########..)....#.###..#.####.#
...............#...........#[#


There were no monsters in sight!

Vanquished Creatures
  A dart slug (D:1)
  5 bats (D:1)
  3 endoplasms (D:1)
  A giant cockroach (D:1)
  3 goblins (D:1)
  A hobgoblin (D:1)
  A quokka (D:1)
  A ball python (D:1)
  5 frilled lizards (D:1)
  6 kobolds (D:1)
  A rat (D:1)
28 creatures vanquished.

Notes
Turn   | Place    | Note
-------+----------+-------------------------------------------
     0 | D:1      | swappor the Minotaur Berserker began the quest for the Orb.
     0 | D:1      | Reached XP level 1. HP: 19/19 MP: 0/0
   204 | D:1      | Reached skill level 4 in Axes
   210 | D:1      | Reached XP level 2. HP: 21/26 MP: 1/1
   460 | D:1      | Upgraded the game from 0.29-a0-393-g47a863cc1b to
                  | 0.31-a0-1626-g5cb510d322
   683 | D:1      | Reached skill level 5 in Axes
   785 | D:1      | Reached XP level 3. HP: 31/31 MP: 2/2
   894 | D:1      | Reached ** piety under Trog
   969 | D:1      | Quit the game

Illustrated notes

Levels and vault maps discovered:
D:1:      minmay_arrival_up_and_down, layout_basic, minivault_27, st_stairs_9,
          minmay_tromino_v2

Skill      XL: |  1  2 |
---------------+-------+-----
Axes           | 4 5 |  5.2
Fighting       | |  3.6
Armour         | |  2.4
Dodging        | |  2.1

Action                     || total
---------------------------++-------
  Melee: Hand axe          ||    55
         Headbutt          ||     5
         Punch             ||     3
 Armour: Animal skin       ||     3
         Scale mail        ||    19
  Dodge: Dodged            ||    25

Table legend: (Time is in decaauts)
 A = Elapsed time spent in this place.
 B = Non-inter-level travel time spent in this place.
 C = Inter-level travel time spent in this place.
 D = Time resting spent in this place.
 E = Time spent auto-exploring this place.
 F = Levels seen in this place.
 G = Mean time per level.
                   A        B        C        D        E       F      G
               +--------+--------+--------+--------+--------+-----+--------+
         Total |    972 |    896 |     76 |      0 |    680 |   1 |  972.0 |
       Dungeon |    972 |    896 |     76 |      0 |    680 |   1 |  972.0 |
               +--------+--------+--------+--------+--------+-----+--------+

Top non-repeatable levels by time:
     D:1: 972 daAuts
